 Dungeon Crawl Stone Soup version 0.19.5 (webtiles) character file.

891 Lostpass the Chopper (level 8, -6/69 HPs)
             Began as a Hill Orc Monk on Mar 13, 2017.
             Was a Priest of Zin.
             Mangled by a black bear (7 damage)
             ... on level 6 of the Dungeon.
             The game lasted 00:37:18 (4020 turns).

Lostpass the Chopper (Hill Orc Monk)                Turns: 4020, Time: 00:37:19

Health: -6/69      AC:  7    Str: 16    XL:     8   Next: 6%
Magic:  11/11      EV: 13    Int: 14    God:    Zin [***...]
Gold:   222        SH:  0    Dex: 13    Spells: 0 memorised, 7 levels left

rFire  . . .     SeeInvis .     a - +1 hand axe
rCold  . . .     Gourm    .     f - +0 leather armour (curse)
rNeg   . . .     Faith    .     (no shield)
rPois  .         Spirit   .     k - +0 helmet
rElec  .         Reflect  .     e - +1 cloak
rCorr  .         Harm     .     (no gloves)
MR     .....                    n - +0 pair of boots
Stlth  ++........               (no amulet)
                                (no ring)
                                i - +4 ring of intelligence

@: no status effects
A: no striking features
a: Recite, Vitalisation, Imprison, Donate Gold, Renounce Religion


You were on level 6 of the Dungeon.
You worshipped Zin.
Zin was most pleased with you.
You were hungry.

You visited 1 branch of the dungeon, and saw 6 of its levels.

You collected 246 gold pieces.
You donated 24 gold pieces to Zin.

Inventory:

Hand Weapons
 a - a +1 hand axe (weapon)
 b - a +0 dagger of venom
 r - the +6 flail "Zovveur" {elec, rElec rF- Str+6 Stlth+}
   (You found it on level 4 of the Dungeon)

   Occasionally, upon striking a foe, it will discharge some electrical energy
   and cause terrible harm.
   It affects your strength (+6).
   It makes you vulnerable to fire.
   It insulates you from electricity.
   It makes you more stealthy.
Missiles
 d - 20 poisoned needles
 m - 3 tomahawks (quivered)
Armour
 e - a +1 cloak (worn)
 f - a cursed +0 leather armour (worn)
 k - a +0 helmet (worn)
 n - a +0 pair of boots (worn)
Jewellery
 i - a +4 ring of intelligence (left hand)
Wands
 o - a wand of acid (2/15)
Books
 q - a book of Cantrips

   Spells                             Type                      Level
   a - Confusing Touch                Hexes                        1
   b - Animate Skeleton               Necromancy                   1
   c - Summon Small Mammal            Summoning                    1
   d - Apportation                    Translocation                1
Comestibles
 c - 3 bread rations
 g - a chunk of flesh
 j - a beef jerky


   Skills:
 * Level 5.6 Fighting
 + Level 7.6 Axes
 + Level 1.1 Throwing
 * Level 3.5 Armour
 + Level 3.5 Dodging
 - Level 1.5 Stealth
 * Level 4.9 Invocations


You had 7 spell levels left.
You didn't know any spells.

Dungeon Overview and Level Annotations

Branches:
Dungeon (6/15)
 Temple: D:4-7

Altars:
Yredelemnul
Zin

Shops:
D:4 :


Message History

The black bear looks more healthy.
You feel better. The black bear closely misses you. The black bear misses you.
The black bear closely misses you. x2
The black bear claws you but does no damage.
The black bear closely misses you.
You barely miss the black bear.
The black bear is almost dead.
The black bear barely misses you.
The black bear claws you but does no damage.
The black bear claws you.
* * * LOW HITPOINT WARNING * * *
You are too injured to fight recklessly!
You hit the black bear.
The black bear is almost dead.
The black bear bites you!
* * * LOW HITPOINT WARNING * * *
The black bear misses you. The black bear claws you.
* * * LOW HITPOINT WARNING * * *
The black bear bites you!
You die...

#####
#...#######
#.#..(....#
#...#####.#
##.##
#h#######.#
#.#
#@#......#
#.#
#...#####.#
#.....#
#####
#.....#
#....>#
.......#
..##.##.#
... .. ..
.. .#. .#


You could see a black bear (berserk).

Vanquished Creatures
  2 yaks (D:6)
  A phantom (D:4)
  A centaur (D:5)
  2 crimson imps (D:5)
  A bullfrog skeleton (D:5)
  A hound (D:6)
  An iguana (D:5)
  3 worker ants
  A hound skeleton (D:5)
  8 adders
  An ooze (D:2)
  An adder skeleton (D:4)
  A worm (D:2)
  3 dart slugs
  6 leopard geckos
  11 orcs
  6 giant cockroaches
  5 goblins
  9 hobgoblins
  15 jackals
  7 kobolds
  A quokka (D:3)
  5 bats
  5 frilled lizards
  12 rats
109 creatures vanquished.

Notes
Turn   | Place    | Note
-------+----------+-------------------------------------------
     0 | D:1      | Lostpass the Hill Orc Monk began the quest for the Orb.
     0 | D:1      | Reached XP level 1. HP: 19/19 MP: 1/1
   222 | D:1      | Reached XP level 2. HP: 27/27 MP: 2/2
   526 | D:1      | Reached XP level 3. HP: 32/33 MP: 3/3
   811 | D:2      | Reached skill level 1 in Armour
   995 | D:2      | Reached XP level 4. HP: 36/40 MP: 4/4
  1006 | D:2      | Found a glowing silver altar of Zin.
  1040 | D:2      | Became a worshipper of Zin the Law-Giver
  1040 | D:2      | Reached * piety under Zin
  1040 | D:2      | Reached ** piety under Zin
  1233 | D:2      | Reached skill level 5 in Axes
  1464 | D:3      | Reached skill level 1 in Invocations
  1709 | D:3      | Reached XP level 5. HP: 46/46 MP: 5/5
  2192 | D:3      | Reached *** piety under Zin
  2328 | D:4      | Noticed a phantom
  2366 | D:4      | Killed a phantom
  2366 | D:4      | Reached XP level 6. HP: 21/53 MP: 6/8
  2505 | D:4      | Reached skill level 6 in Axes
  2634 | D:4      | Found Yschaclao's Book Emporium.
  2773 | D:4      | Got a crystal flail
  2774 | D:4      | Identified the +6 flail "Zovveur" {elec, rElec rF- Str+6 Stlth+} (You found it on level 4 of the Dungeon)
  2922 | D:5      | Entered Level 5 of the Dungeon
  3177 | D:5      | Reached XP level 7. HP: 60/60 MP: 9/9
  3275 | D:5      | Found a basalt altar of Yredelemnul.
  3331 | D:5      | Reached skill level 1 in Throwing
  3883 | D:5      | Reached skill level 5 in Fighting
  3883 | D:5      | Reached skill level 7 in Axes
  3921 | D:6      | Noticed a yak
  3921 | D:6      | Noticed a yak
  3923 | D:6      | Noticed a yak
  3925 | D:6      | Noticed a yak
  3925 | D:6      | Noticed a yak
  3935 | D:6      | Killed a yak
  3937 | D:6      | Killed a yak
  3937 | D:6      | Reached XP level 8. HP: 27/69 MP: 8/11
  4020 | D:6      | HP: 1/69 [black bear (3)]
  4020 | D:6      | Mangled by a black bear

Skill      XL: |  1  2  3  4  5  6  7 |
---------------+----------------------+-----
Fighting       | 4 5 |  5.6
Armour         | 1 2 3 |  3.5
Axes           | 5 6 7 |  7.6
Dodging        | 3 |  3.5
Invocations    | 1 2 3 4 |  4.9
Throwing       | 1 |  1.1
Stealth        | |  1.5

Action                   |  1- 3 |  4- 6 |  7- 9 || total
-------------------------+-------+-------+-------++-------
Melee: Hand axe          |   140 |   225 |    80 ||   445
       Dagger            |       |     1 |     2 ||     3
       Flail             |       |       |    10 ||    10
Throw: Stone             |     7 |     7 |       ||    14
       Tomahawk          |       |    12 |     4 ||    16
Invok: Recite            |       |    15 |     2 ||    17
       Vitalisation      |       |       |     1 ||     1
Evoke: Wand              |       |       |     2 ||     2
  Use: Scroll            |     2 |     2 |     5 ||     9
       Potion            |       |     9 |     2 ||    11
 Stab: Sleeping          |     1 |     2 |     2 ||     5
       Invisible         |       |     2 |       ||     2
  Eat: Chunk             |       |     7 |     3 ||    10
Armor: Leather armour    |    54 |    61 |    30 ||   145
Dodge: Dodged            |   113 |   113 |    62 ||   288
